 Dungeon Crawl Stone Soup version 0.17-a0-1760-ga6756ae (webtiles) character file.

140 kae the Slasher (level 5, -1/34 HPs)
             Began as a High Elf Skald on Sept 3, 2015.
             Killed by nerve-wracking pain
             ... invoked by a shadow imp
             ... summoned by Natasha
              (11 damage)
             ... on level 2 of the Dungeon.
             The game lasted 00:04:08 (2925 turns).

kae the Slasher (High Elf Skald)                    Turns: 2925, Time: 00:04:08

Health: -1/34      AC:  4    Str: 11    XL:     5   Next: 2%
Magic:  7/9        EV: 11    Int: 20    God:
Gold:   93         SH:  0    Dex: 15    Spells: 1 memorised, 7 levels left

rFire  . . .     SeeInvis .     a - +0 falchion
rCold  + . .     Clarity  .     b - +0 leather armour
rNeg   . . .     SustAt   .     (no shield)
rPois  .         Gourm    .     j - +0 helmet
rElec  .         Spirit   .     (no cloak)
rCorr  .         Warding  .     (no gloves)
rMut   .         Stasis   .     (no boots)
MR     .....                    (no amulet)
Stlth  +.........               i - ring of protection from cold
                                e - +4 ring of intelligence

@: not resistant to hostile enchantments, very unstealthy
A: no striking features
a: no special abilities


You were on level 2 of the Dungeon.
You were not hungry.

You visited 1 branch of the dungeon, and saw 2 of its levels.

You collected 93 gold pieces.

Inventory:

Hand weapons
 a - a +0 falchion (weapon)
Armour
 b - a +0 leather armour (worn)
 j - a +0 helmet (worn)
Jewellery
 e - a +4 ring of intelligence (left hand)
 i - a ring of protection from cold (right hand)
Scrolls
 g - 3 scrolls of identify
 h - a scroll of enchant armour
 l - a scroll of magic mapping
Books
 c - a book of Battle

   Spells                             Type                      Level
   a - Infusion                       Charms                       1
   b - Shroud of Golubria             Charms/Translocation         2
   c - Song of Slaying                Charms                       2
   d - Spectral Weapon                Hexes/Charms                 3
   e - Regeneration                   Charms/Necromancy            3
Comestibles
 d - a bread ration
 f - a slice of pizza
 k - 2 chunks of flesh
 m - a meat ration


   Skills:
 - Level 2.0 Fighting
 + Level 6.3 Long Blades
 - Level 0.8 Armour
 - Level 1.1 Dodging
 - Level 2.4 Spellcasting
 - Level 3.6 Charms


You had 7 spell levels left.
You knew the following spells:

 Your Spells              Type           Power        Failure   Level  Hunger
a - Infusion              Chrm           ###...       6%          1    #......


Dungeon Overview and Level Annotations

Branches:
Dungeon (2/15)

Altars:

Annotations:
D:2 Natasha


Message History

You hit Natasha.
Natasha is moderately wounded.
The white imp hits you but does no damage.
Natasha closely misses you. The shadow imp gestures at you.
Pain shoots through your body!
You hit Natasha.
Natasha is heavily wounded.
The white imp closely misses you. Natasha barely misses you.
The shadow imp completely misses you.
You hit Natasha but do no damage.
Natasha is heavily wounded.
The white imp hits you but does no damage.
Natasha claws you!
* * * LOW HITPOINT WARNING * * *
You barely miss Natasha.
Natasha is heavily wounded.
The shadow imp gestures at you. Pain shoots through your body!
You die...

*,,,* #.# #....#.# #..#..
*,,,* #.####......# #..#.>
*,,,* #....'......# #..###
*,,,* ######...#..#####..#
*,,,###########..........#
*,,,........# #.#.######.#
***,........###.#..#####.#
*,......55h............#
*,.......@###......8.(.#
*,........# #.....8.8..#
*,........# ###..8._.8.##
**##'###### #...8.8...#
#,* #########...8....# *,*
#..<..# #........#
#.###.....# #..#.#...##
#......@..# ##.#.#..#..
**#######.....# #.#.#..#.#


You could see Natasha, a white imp and a shadow imp.

Vanquished Creatures
  Terence (D:2)
  Natasha (D:2)
  4 adders (D:2)
  An ooze (D:2)
  2 worms (D:2)
  2 giant geckos
  A ball python (D:2)
  A giant cockroach (D:1)
  7 goblins
  2 hobgoblins (D:2)
  2 quokkas (D:2)
  9 bats
  2 giant newts
  4 jackals (D:2)
  3 kobolds
  7 rats
49 creatures vanquished.

Notes
Turn   | Place    | Note
--------------------------------------------------------------
     0 | D:1      | kae the High Elf Skald began the quest for the Orb.
     0 | D:1      | Reached XP level 1. HP: 14/14 MP: 4/4
   138 | D:1      | Reached XP level 2. HP: 10/19 MP: 6/6
   553 | D:2      | Noticed Natasha
  1142 | D:2      | Reached skill level 4 in Long Blades
  1384 | D:2      | Reached XP level 3. HP: 24/24 MP: 4/7
  1560 | D:2      | Found a faded altar to an unknown god.
  1847 | D:2      | Noticed Terence
  2076 | D:2      | Reached skill level 5 in Long Blades
  2315 | D:2      | Reached XP level 4. HP: 18/29 MP: 4/8
  2578 | D:2      | Killed Terence
  2843 | D:2      | Reached skill level 6 in Long Blades
  2882 | D:2      | Killed Natasha
  2882 | D:2      | Reached XP level 5. HP: 32/34 MP: 4/9
  2909 | D:2      | Noticed Natasha
  2925 | D:2      | Killed from afar by a shadow imp

Vault maps used:
D:1:      scummos_arrival_checkerplants
D:2:      ecumenical_altar_2, kennysheep_generic_room_13, uniq_natasha,
          uniq_terence

Action                   |  1- 3 |  4- 6 || total
-------------------------+-------+-------++-------
Melee: Falchion          |   132 |    70 ||   202
 Cast: Infusion          |     6 |     2 ||     8
  Use: Scroll            |     1 |     2 ||     3
       Potion            |       |     1 ||     1
  Eat: Chunk             |     4 |     3 ||     7
